Cogmind - Beta 11.1 @@@ ROGUE MODE // 2022.10.15 @ 11:17:00 Player: lumberblack Result: Destroyed by G-47 Trooper with Particle Gun Performance ------------- Evolutions (0) 0 Regions Visited (2) 400 Robots Destroyed (41) 205 Value Destroyed (890) 890 Prototype IDs (3) 60 Alien Tech Used (0) 0 Bonus (203) 203 TOTAL SCORE: 1758 Bonus ------- High Alert Combat Kills 203 Cogmind --------- Core Integrity 0/250 Matter 300/300 Energy 96/100 System Corruption 0% Temperature Cool (12) Movement Walking (120) Location -10/Mines Parts ------- > --- POWER (1) -------- (None) > --- PROPULSION (2) --- Aluminum Leg Aluminum Leg > --- UTILITY (2) ------ Seismic Detector > --- WEAPON (2) ------- Small Laser Small Laser > --- INVENTORY (5) ---- Aluminum Leg High-capacity Storage Unit Large Matter Pod (150) Structural Scanner Grenade Launcher Peak State ------------ > --- POWER ------------ (None) > --- PROPULSION ------- Light Treads Light Treads > --- UTILITY ---------- Seismic Detector > --- WEAPON ----------- Small Laser Makeshift Shrapnel Gun > --- INVENTORY -------- High-capacity Storage Unit Large Matter Pod Structural Scanner Grenade Launcher Hammer [Rating: 8] Favorites ----------- Power None Propulsion Light Treads Treads Light Treads Leg Aluminum Leg Utility Seismic Detector Device Seismic Detector Storage Small Storage Unit Weapon Small Laser Energy Gun Small Laser Ballistic Gun Makeshift Shrapnel Gun Launcher Grenade Launcher Impact Weapon Hammer Build | -11 -10 -10 ------- Run | Scr Mat Min Slots Evolved . | . . . Power . | . . . Propulsion . | . . . Utility . | . . . Weapon . | . . . Parts Attached 46 | 3 13 30 Power . | . . . Engine . | . . . Core . | . . . Reactor . | . . . Propulsion 12 | 2 3 7 Treads 5 | 2 3 . Leg 7 | . . 7 Wheel . | . . . Hover . | . . . Flight . | . . . Utility 2 | 1 . 1 Device 2 | 1 . 1 Storage . | . . . Processor . | . . . Hackware . | . . . Protection . | . . . Artifact . | . . . Weapon 32 | . 10 22 Energy Gun 6 | . 2 4 Energy Cannon . | . . . Ballistic Gun 13 | . 4 9 Ballistic Cannon . | . . . Launcher 4 | . 1 3 Special Weapon . | . . . Impact Weapon 9 | . 3 6 Slashing Weapon . | . . . Piercing Weapon . | . . . Special Melee Weapon . | . . . Unidentified Prototypes . | . . . Parts Lost 7 | . . 7 Power . | . . . Propulsion 4 | . . 4 Utility 1 | . . 1 Weapon 2 | . . 2 Highest Loss Streak 3 | . . 3 To Critical Strikes . | . . . Average Slot Usage (%) 66 | . 67 66 Treads 15 | . 26 13 Leg 12 | . . 14 Device 13 | . 14 13 Energy Gun 11 | . 11 11 Ballistic Gun 11 | . 10 11 Impact Weapon 1 | . 3 . Naked Turns . | . . . Heaviest Build 5 | 3 5 4 Greatest Support 40 | 3 40 40 Greatest Overweight (x) 1 | . 1 1 Average Overweight (x) . | . . . Largest Inventory Capacity 8 | 8 5 5 Average Capacity 5 | 5 5 5 Most Carried 8 | 8 5 5 Average Carried 4 | 2 4 4 Final Capacity 5 | 5 5 5 Final Carried 5 | 2 5 5 Class Distribution -------------------- 60% | Mutant 39% | Scavenger-Mutant Dominant Class ---------------- Mutant | -10/Materials Mutant | -10/Mines Resources | -11 -10 -10 ----------- Run | Scr Mat Min Matter Collected 1501 | 212 304 985 Remotely . | . . . Salvage Created 2321 | 13 167 2141 Parts 91 | 5 20 66 Haulers Intercepted . | . . . Recyclers Shooed . | . . . Parts Field Recycled . | . . . Retrieved Matter . | . . . Parts Self-Destructed . | . . . Prevented . | . . . Kills | -11 -10 -10 ------- Run | Scr Mat Min Combat Hostiles Destroyed 63 | . 3 60 Melee 7 | . . 7 Guns 52 | . 3 49 AOE 2 | . . 2 Classes Destroyed 5 | 1 3 1 Worker 4 | . 3 1 Tunneler 12 | 1 . 11 Watcher 2 | . 2 . Swarmer 3 | . 3 . Grunt 60 | . . 60 Best Kill Streak 6 | 1 3 6 Combat Bots Only 5 | . 3 5 Max Kills in Single Turn 2 | 1 1 2 Gunslinging . | . . . Exploded 1 | . . 1 Melee 1 | . . 1 Uniques/NPCs Destroyed . | . . . Combat | -11 -10 -10 -------- Run | Scr Mat Min Damage Taken 1077 | . 45 1032 Core 255 | . 24 231 Absorbed by Shields . | . . . Regen/Repaired (Parts) 21 | . 21 . Core Remaining (%) 100 | 100 . . Volleys Fired 130 | 1 15 114 Largest 2 | 2 2 2 Hottest 80 | 60 60 80 Shots Fired 222 | 2 30 190 Gun 215 | 2 30 183 Cannon . | . . . Launcher 7 | . . 7 Special . | . . . Kinetic 109 | 1 15 93 Thermal 106 | 1 15 90 Explosive 7 | . . 7 Electromagnetic . | . . . Robot Hit Streak 16 | 1 4 16 Robot Miss Streak 4 | . 2 4 Penetration Max . | . . . Secondary Targets 1 | . . 1 Max Gunslinging Chain 1 | . . 1 Shots Hit Robots 191 | 1 13 177 Core Hits 129 | 1 9 119 Critical Kills 1 | . . 1 Critical Parts Destroyed 3 | . . 3 Critical Strikes 4 | . . 4 Smash 4 | . . 4 Melee Attacks 50 | . 8 42 Impact 50 | . 8 42 Slashing . | . . . Piercing . | . . . Sneak Attacks 2 | . . 2 Combat Hostiles 1 | . . 1 Follow-up Attacks . | . . . Damage Inflicted 4092 | 11 143 3938 Guns 3054 | 11 143 2900 Cannons . | . . . Explosions 293 | . . 293 Melee 745 | . . 745 Ramming . | . . . Kinetic 2156 | . 30 2126 Thermal 898 | 11 113 774 Explosive 293 | . . 293 Electromagnetic . | . . . Impact 745 | . . 745 Slashing . | . . . Piercing . | . . . Highest Corruption . | . . . Average Corruption . | . . . Corruption Purged . | . . . Corruption Blocked . | . . . Overload Shots . | . . . Overflow Damage 121 | . . 121 Projectiles . | . . . Explosions 2 | . . 2 Melee 119 | . . 119 Knockbacks 5 | . . 5 Impact 4 | . . 4 Kinetic . | . . . Secondary 1 | . . 1 Self-Inflicted Damage . | . . . Shots . | . . . Rammed . | . . . Targets Rammed . | . . . Kicked . | . . . Crushed . | . . . Highest Temperature 27 | 10 20 27 Average Temperature 6 | 7 8 6 Received Heat Transfer 561 | . . 561 Siege Activations . | . . . Robots Corrupted . | . . . Combat Hostiles . | . . . Parts Fried 4 | . . 4 Impact Corruptions 6 | . . 6 Robots Melted . | . . . Combat Hostiles . | . . . Parts Melted 1 | . 1 . Heat Transferred 1900 | 25 250 1625 Parts Sabotaged . | . . . Parts Stolen . | . . . Parts Stripped . | . . . Power Chain Reactions . | . . . Missiles Intercepted . | . . . Alert | -11 -10 -10 ------- Run | Scr Mat Min Peak Influence 856 | 5 181 856 Initial 12 | . 3 12 Average 268 | 2 107 300 Maximum Alert Level 3 | . . 3 Low Security (%) 57 | 100 100 49 Level 1 15 | . . 18 Level 2 17 | . . 21 Level 3 9 | . . 11 Level 4 . | . . . Level 5 . | . . . High Security . | . . . Max Security . | . . . Squads Dispatched 5 | . 4 1 Investigation 4 | . 3 1 Extermination . | . . . Reinforcement 1 | . 1 . Assault . | . . . Garrison . | . . . Intercept . | . . . Searches Triggered . | . . . Construction Impeded . | . . . Haulers Reinforced . | . . . Active Scanning Responses . | . . . Cargo Convoy Interrupts . | . . . Stealth | -11 -10 -10 --------- Run | Scr Mat Min Distress Signals 4 | . . 4 Communications Jammed . | . . . Distress Signals . | . . . Times Spotted 71 | . 10 61 Peak Tracking Total 4 | . 3 4 Tactical Retreats 2 | . 1 1 Traps | -11 -10 -10 ------- Run | Scr Mat Min Traps Triggered 1 | . 1 . Indirectly . | . . . Trap Hack Attempts . | . . . Triggered . | . . . Disarmed . | . . . Reprogrammed . | . . . Reused . | . . . Traps Extracted . | . . . Installed . | . . . Triggered . | . . . Machines | -11 -10 -10 ---------- Run | Scr Mat Min Machines Disabled . | . . . Max in Single Turn . | . . . Machines Sabotaged 1 | . . 1 Garrisons Compromised . | . . . Overloaded Fab Kills . | . . . Hacking | -11 -10 -10 --------- Run | Scr Mat Min Machines Accessed 11 | . 10 1 Terminals 8 | . 7 1 Fabricators . | . . . Repair Stations 1 | . 1 . Recycling Units 2 | . 2 . Scanalyzers . | . . . Garrison Access . | . . . Total Hacks 33 | . 32 1 Successful 23 | . 22 1 Failed 10 | . 10 . Catastrophic 2 | . 2 . Database Lockouts . | . . . Manual 19 | . 18 1 Terminals 23 | . 22 1 Fabricators . | . . . Repair Stations 6 | . 6 . Recycling Units 4 | . 4 . Scanalyzers . | . . . Garrison Access . | . . . Terminal Hacks 11 | . 11 . Robot Analysis 5 | . 5 . Prototype ID Bank 2 | . 2 . Locate Traps 2 | . 2 . Hauler Manifests 1 | . 1 . Zone Layout 1 | . 1 . Fabricator Hacks . | . . . Repair Station Hacks 4 | . 4 . Scan Component 2 | . 2 . Repair 2 | . 2 . Recycling Unit Hacks . | . . . Scanalyzer . | . . . Garrison Access Hacks . | . . . Unauthorized Hacks 8 | . 7 1 Terminals 5 | . 4 1 Track 4 | . 4 . Sabotage 1 | . . 1 Fabricators . | . . . Repair Stations . | . . . Recycling Units 3 | . 3 . Recyclers 1 | . 1 . Tunnel 2 | . 2 . Scanalyzers . | . . . Garrison Access . | . . . Data Cores Recovered . | . . . Used . | . . . Hacking Detections 8 | . 8 . Full Trace Events 1 | . 1 . Feedback Events . | . . . Feedback Blocked . | . . . Robot Schematics Acquired . | . . . Robots Built . | . . . Authchips . | . . . Time . | . . . Total Robot Build Rating . | . . . Part Schematics Acquired . | . . . Parts Built . | . . . Authchips . | . . . Time . | . . . Total Part Build Rating . | . . . Parts Repaired 2 | . 2 . Time 52 | . 52 . Parts Recycled . | . . . Recycled Matter . | . . . Retrieved Matter . | . . . Retrieved Components . | . . . Parts Scanalyzed . | . . . Part Schematics Acquired . | . . . Parts Damaged . | . . . Bothacking | -11 -10 -10 ------------ Run | Scr Mat Min Used RIF Installer . | . . . Robots Hacked . | . . . Non-combat . | . . . Combat . | . . . Robot Hacks Applied . | . . . Relay Couplers Released . | . . . Fabnet Peak Effective % . | . . . Robots Rewired . | . . . Allies Hacked . | . . . Hacks Repelled . | . . . Allies | -11 -10 -10 -------- Run | Scr Mat Min Total Allies 2 | . . 2 Largest Group 2 | . . 2 Highest-Rated Group 42 | . . 42 Highest-Rated Ally 31 | . . 31 Total Orders . | . . . Ally Attacks 3 | . . 3 Total Damage 80 | . . 80 Kills 2 | . . 2 Allies Corrupted . | . . . Allies Melted . | . . . Intel | -11 -10 -10 ------- Run | Scr Mat Min Robot Analysis Total 5 | . 5 . Derelict Logs Recovered 1 | . . 1 Drone Launches . | . . . Drone Recoveries . | . . . Exploration | -11 -10 -10 ------------- Run | Scr Mat Min Turns Passed 5265 | 26 812 4427 Spaces Moved 1748 | 27 857 864 Core 1313 | 27 841 445 Treads 18 | . 16 2 Legs 417 | . . 417 Wheels . | . . . Hover . | . . . Flight . | . . . Fastest Speed 50 | 50 50 50 Average Speed 70 | 50 55 86 Slowest Speed 160 | 50 160 160 Overloaded Moves . | . . . Propulsion Burnouts . | . . . Robots Hopped . | . . . Cave-ins Triggered . | . . . Exploration Rate (%) 60 | 3 94 85 Regions Visited 2 Branch Regions 1 Pre-discovered Areas 2 | . 2 . Known Exits Taken . | . . . Unknown Exits Taken 2 | 1 1 . Scrap Searched 1 | . . 1 Spaces Dug 17 | . 4 13 Terrain Destroyed 51 | . 4 47 Melee 7 | . 4 3 Projectile . | . . . AOE 44 | . . 44 Terrain Rammed . | . . . Walls Destroyed . | . . . Machines Disabled . | . . . Actions | -11 -10 -10 --------- Run | Scr Mat Min Total 5460 | 42 1146 4272 Wait 3457 | . 243 3214 Move 1746 | 26 856 864 Hop . | . . . Pick Up 10 | 2 7 1 Fast Attach 14 | . 5 9 Attach 5 | 3 1 1 Detach 3 | 3 . . Swap 27 | . 7 20 Drop 18 | 7 4 7 Fire 130 | 1 15 114 Melee 50 | . 8 42 Ram . | . . . Kick . | . . . Crush . | . . . Escape Stasis . | . . . Rewire . | . . . Trap . | . . . Miscellaneous . | . . . Route ------- -11/Scrapyard -10/Materials (discovered 4 exits: [*Mat x3] / *Min) -10/Mines History --------- Turn | Location | Event 8 | -11/Scrapyard | Discovered new exit (range 3) 27 | -11/Scrapyard | Entered Materials 77 | -10/Materials | Discovered new exit (range 16) 134 | -10/Materials | Discovered new exit (range 15) 353 | -10/Materials | Build established: Mutant 479 | -10/Materials | Discovered new exit (range 5) 498 | -10/Materials | Discovered new exit (range 6) 638 | -10/Materials | Repaired Lgt. Treads 665 | -10/Materials | Repaired Lgt. Treads 839 | -10/Materials | Entered Mines 862 | -10/Mines | A weapon hastily lodged in a ceiling crevice suddenly fell to the ground 875 | -10/Mines | Learned Materials trap positions 899 | -10/Mines | Excavation squad dispatched 899 | -10/Mines | A large section of the Mines collapsed 1149 | -10/Mines | Excavation squad dispatched 1399 | -10/Mines | Excavation squad dispatched 1649 | -10/Mines | Excavation squad dispatched 1899 | -10/Mines | Excavation squad dispatched 2149 | -10/Mines | Excavation squad dispatched 2399 | -10/Mines | Excavation squad dispatched 2649 | -10/Mines | Excavation squad dispatched 2899 | -10/Mines | Excavation squad dispatched 3149 | -10/Mines | Excavation squad dispatched 3399 | -10/Mines | Excavation squad dispatched 3412 | -10/Mines | Build established: Scavenger-Mutant 3649 | -10/Mines | Excavation squad dispatched 3793 | -10/Mines | Core integrity fell below 50% 3899 | -10/Mines | Excavation squad dispatched 4149 | -10/Mines | Excavation squad dispatched 4399 | -10/Mines | Excavation squad dispatched 4608 | -10/Mines | Lost 3 parts (2n1w) 4649 | -10/Mines | Excavation squad dispatched 4733 | -10/Mines | Core integrity fell below 20% 4899 | -10/Mines | Excavation squad dispatched 5149 | -10/Mines | Excavation squad dispatched 5266 | -10/Mines | Destroyed by G-47 Trooper with Particle Gun Last Messages --------------- 04777_ G-34 Mercenary destroyed. 04785_ T-07 Excavator destroyed. 04789_ Acquired Seismic Detector. 04792_ Acquired 10 matter. 04811_ K-01 Serf collects debris. 04872_ G-34 Mercenary destroyed. 04899_ ALERT: Derelict activity in mines confirmed. Dispatching additional escorted excavation squad. 04899_ G-34 Mercenary destroyed. 04908_ K-01 Serf collects debris. 05036_ Connecting with Terminal... 05036_ Current location identified: Mines >>Force(Sabotage) SYSTEM_VULNERABLE[Plasma Injector] NETWORK_OVERLOAD COORDINATES_RETRIEVED 05036_ ALERT: Suspicious activity at Terminal M001. Dispatching Investigation squad. 05149_ ALERT: Derelict activity in mines confirmed. Dispatching additional escorted excavation squad. Map ----- +----------------------------------------------------+ | | | | | | | | | ?????????????????????????????????????????????? | | ?????????????????????????????????????????????? | | #????????????????????????????????????????????? | | ###??????????????????????????????????????????? | | ##?????????????????????????????????????????? | | #?????????????????????????????????????????? | | #??????????###????????????????????????????? | | #??????????# #####???????????????????????? | | #??????????# ####????????????????????? | | ##??????????# ##???????????????????? | | ###????????????# ##??????????????????? | | ???????????????## ## ##?????????????????? | | ????????????????## #### #?????????????????? | | ??#########??????## #??#g #?????????????????? | | ??# #???????# #??## ##?????????????????? | | ??# """#???????# #???# ######## ???? | | ### """#???????# #???# ""??????? | | #T """#???????# #???# ######## ""??????? | | ## #?####### #???# #??????????????????? | | ##### ####?# #???# #??????????????????? | | #????# ##### #???# #??????????????????? | | ###### ###### #???# #???#@#??????????????????? | | ?????# #???# ?? g #??????????????????? | | ?????######## #???# #######??????????????????? | | ????????????# #???# #????????????????????????? | | ############# #???# #????????????????????????? | | #???# #????????????????????????? | | #### ##########???? ?????????????????????????? | | ???# #????????????? ?????????????????????????? | | ???# #????????????? ?????????????????????????? | | ???# #?????????????"?????????????????????????? | | ???# #?????????????"?????????????????????????? | | ???# #???????????????????????????????????????? | | #??# #???????????????????????????????????????? | | #??# #???????????????????????????????????????? | | #??# #???????????????????????????????????????? | | #??# #???????????????????????????????????????? | | ???# #??????????####?????????????????????????? | | ???# #?????????## ##????????????????????????? | | ???# #########?# #????????????????????????? | | ??##*%= ### #????????????????????????? | | ### ### #????????????????????????? | | # ##% ###??????????????????????? | | # ###????????????????????? | | # ???????????????? | | ## #### #######????????????????? | +----------------------------------------------------+ Best States ------------- Heat Dissipation 25 Energy Generation 5 Energy Capacity 100 Matter Stores 300 Matter Capacity 300 Sight Range 16 Terrain Scan Density 10 Evasion (%) 55 Recoil Reduction 2 Item Schematics ----------------- None Robot Schematics ------------------ None Fabricated ------------ Nothing Alien Tech Used ----------------- None Achievements -------------- None Challenges ------------ None Game ------ Seed AdvancedVariableTorch Manual? 0 Play Time 00:33:28 Cumulative 404.9 hours Start 2022.10.15 @ 10:43:21 End 2022.10.15 @ 11:17:00 Sessions 1 Manual Loads 0 Difficulty Rogue Special Mode None Game No. 444 Rogue 444 Adventurer 0 Explorer 0 Win Type - Total 8 Types 5/1/2/0/0/0/0/0/0 Lore% 58 Gallery% 79 Achievement% 65 Wizard Run 0 Options --------- ASCII 0 Keyboard 0 Movement Numpad Keybinds 0 Fullscreen 2 Font 18/TerminusBold Map View 76x50 Tactical HUD 1 Map Filters NONE Filters NONE Steam 1 RUN: e3cf222b-6d2f-445b-8174-1f90e431ec47